 Dungeon Crawl Stone Soup version 0.18-a0-1358-gd0e7041 (webtiles) character file.

1540 Edwin the Slasher (level 9, -1/69 HPs)
             Began as a Formicid Skald on Feb 20, 2016.
             Killed by nerve-wracking pain
             ... invoked by an orc priest
              (10 damage)
             ... on level 6 of the Dungeon.
             The game lasted 00:21:09 (5434 turns).

Edwin the Slasher (Formicid Skald)                  Turns: 5434, Time: 00:21:10

Health: -1/69      AC: 12    Str: 21    XL:     9   Next: 11%
Magic:  12/12      EV:  9    Int: 11    God:
Gold:   259        SH:  5    Dex: 10    Spells: 2 memorised, 10 levels left

rFire  . . .     SeeInvis +     O - +3 scimitar (freeze)
rCold  . . .     Gourm    .     M - +0 chain mail
rNeg   . . .     Faith    .     n - +0 buckler
rPois  .         Spirit   .     (helmet unavailable)
rElec  .         Dismiss  .     l - +1 cloak
rCorr  .         Reflect  .     (no gloves)
SustAt +         Harm     .     (no boots)
MR     .....                    g - amulet of regeneration
Stlth  ..........               (no ring)
                                t - ring of sustain attributes

@: not resistant to hostile enchantments, extremely unstealthy
A: permanent stasis, dig shafts and tunnels, four strong arms, antennae 3
a: Dig, Shaft Self


You were on level 6 of the Dungeon.
You were not hungry.

You visited 2 branches of the dungeon, and saw 8 of its levels.
You also visited: Ossuary.

You collected 259 gold pieces.

Inventory:

Hand Weapons
 a - a +0 falchion
 s - a +2 long sword of holy wrath
 O - a +3 scimitar of freezing (weapon)
Armour
 b - a +0 leather armour
 l - a +1 cloak (worn)
 n - a +0 buckler (worn)
 o - a +0 ring mail
 M - a +0 chain mail (worn)
Jewellery
 g - an amulet of regeneration (around neck)
 t - a ring of sustain attributes (left hand)
 N - an uncursed ring of wizardry {unknown}
Scrolls
 e - a scroll of recharging {unknown}
 i - 2 scrolls of amnesia {unknown}
 m - 2 scrolls of immolation {unknown}
 u - 2 scrolls of fog {unknown}
 y - 4 scrolls of remove curse
 A - 3 scrolls of enchant armour {unknown}
 D - a scroll of teleportation {unknown}
 E - 2 scrolls of blinking {unknown}
 F - a scroll of magic mapping {unknown}
 L - 3 scrolls of enchant weapon {unknown}
 Q - a scroll of noise {unknown}
Potions
 f - a potion of agility
 h - a potion of cure mutation
 j - 2 potions of flight
 k - a potion of haste {unknown}
 q - 2 potions of curing
 w - 2 potions of experience {unknown}
 z - a potion of beneficial mutation {unknown}
 B - a potion of ambrosia {unknown}
 C - a potion of magic {unknown}
 G - 4 potions of degeneration
 H - a potion of berserk rage {unknown}
 I - 2 potions of might {unknown}
 K - a potion of lignification {unknown}
Books
 c - a book of Battle

   Spells                             Type                      Level
   a - Infusion                       Charms                       1
   b - Shroud of Golubria             Charms/Translocation         2
   c - Song of Slaying                Charms                       2
   d - Spectral Weapon                Hexes/Charms                 3
   e - Regeneration                   Charms/Necromancy            3
 r - a book of Maledictions

   Spells                             Type                      Level
   a - Corona                         Hexes                        1
   b - Ensorcelled Hibernation        Hexes/Ice                    2
   c - Confuse                        Hexes                        3
   d - Tukima's Dance                 Hexes                        3
   e - Dazzling Spray                 Conjuration/Hexes            3
 J - a book of Power

   Spells                             Type                      Level
   a - Fulminant Prism                Conjuration/Hexes            4
   b - Iskenderun's Mystic Blast      Conjuration                  4
   c - Venom Bolt                     Conjuration/Poison           5
   d - Bolt of Magma                  Conjuration/Fire/Earth       5
   e - Iron Shot                      Conjuration/Earth            6
   f - Orb of Destruction             Conjuration                  7
   g - Spellforged Servitor           Conjuration/Summoning        7
Comestibles
 d - 7 bread rations
 v - a royal jelly
 x - 6 meat rations
 P - a chunk of flesh


   Skills:
 + Level 5.8 Fighting
 + Level 5.9 Long Blades
 + Level 5.5 Armour
 - Level 3.1 Dodging
 - Level 5.2 Shields
 - Level 2.1 Spellcasting
 - Level 3.0 Charms


You had 10 spell levels left.
You knew the following spells:

 Your Spells              Type           Power        Failure   Level  Hunger
a - Infusion              Chrm           #...         73%         1    ##.....
b - Corona                Hex            #......      99%         1    ##.....


Dungeon Overview and Level Annotations

Branches:
Dungeon (7/15)             Temple (1/1) D:5

Altars:
Ashenzari
Cheibriados
Dithmenos
Elyvilon
Fedhas
Gozag
Kikubaaqudgha
Makhleb
Nemelex Xobeh
Pakellas
Qazlal
Sif Muna
Vehumet
Xom
Zin
The Shining One

Annotations:
D:6 2 exclusions


Innate Abilities, Weirdness & Mutations

You are under a permanent stasis effect.
You can dig through walls and to a lower floor.
Your four strong arms can wield two-handed weapons with a shield.
You have a pair of large antennae on your head (SInv).


Message History

You block the orc priest's attack.
You barely miss the orc priest.
The orc priest is severely wounded.
The orc priest calls down the wrath of Beogh upon you.
You resist with significant effort.
You closely miss the orc priest.
The orc priest is severely wounded.
The orc priest calls down the wrath of Beogh upon you.
Beogh smites you!
* * * LOW HITPOINT WARNING * * *
You hit the orc priest. You freeze the orc priest.
The orc priest is almost dead.
The orc priest calls down the wrath of Beogh upon you.
Beogh smites you!
* * * LOW HITPOINT WARNING * * *
You barely miss the orc priest.
The orc priest is almost dead.
The orc priest invokes the aid of Beogh against you.
Pain shoots through your body!
You die...

##########...(..##......
##...........###.#####..(
##.............##...##..#)
#.........[....####.##.##.
#.>.......................
#..............#####......
#...............# ##.###.
#........().....####..# #.
##......o@....#...#..## #.
##......)...#####..## ##
#############[[..## # #...#### #
## #.### .# ##############(# ####
.######..............#########...
..............)................##
.###############################


You could see an orc priest.

Vanquished Creatures
  A black bear (D:6)
  The ghost of namelastname112 the Cudgeler, an amateur DrWn (D:3)
  An ogre (D:6)
  2 centaurs (D:6)
  A giant frog (D:6)
  A gnoll sergeant (D:5)
  4 water moccasin zombies (Ossuary)
  A scorpion (D:5)
  3 wights (D:6)
  A centaur zombie (D:7)
  A jelly (D:5)
  An orc priest (D:6)
  An orc wizard (D:7)
  2 centaur skeletons (D:5)
  An iguana (D:6)
  3 worker ants
  A big kobold zombie (Ossuary)
  2 mummies (Ossuary)
  10 gnolls
  8 adders
  4 adder zombies (Ossuary)
  3 worms
  2 giant geckos (D:6)
  12 orcs
  6 giant cockroaches
  4 gnoll zombies (Ossuary)
  9 goblins
  6 hobgoblins
  3 jackals
  4 quokkas
  9 bats
  A giant gecko zombie (D:7)
  4 giant newts
  4 hobgoblin zombies (Ossuary)
  4 kobolds
  8 kobold zombies (Ossuary)
  5 orc zombies (Ossuary)
  8 rats
142 creatures vanquished.

Notes
Turn   | Place    | Note
--------------------------------------------------------------
     0 | D:1      | Edwin the Formicid Skald began the quest for the Orb.
     0 | D:1      | Reached XP level 1. HP: 16/16 MP: 3/3
   365 | D:1      | Reached skill level 1 in Dodging
   367 | D:1      | Reached XP level 2. HP: 19/22 MP: 5/5
   850 | D:1      | Reached XP level 3. HP: 28/28 MP: 6/6
  1688 | D:2      | Reached XP level 4. HP: 34/34 MP: 4/7
  1981 | D:3      | Reached skill level 1 in Shields
  2147 | D:3      | Reached XP level 5. HP: 40/40 MP: 5/8
  2271 | D:3      | Found an oddly glowing altar of Pakellas.
  2436 | D:3      | Noticed namelastname112's ghost (amateur DrWn)
  2442 | D:3      | Killed namelastname112's ghost
  2442 | D:3      | Reached XP level 6. HP: 36/47 MP: 9/9
  3016 | D:5      | Entered Level 5 of the Dungeon
  3138 | D:5      | Found a staircase to the Ecumenical Temple.
  3173 | D:5      | Reached XP level 7. HP: 40/52 MP: 8/10
  3191 | D:5      | Found a sand-covered staircase.
  3199 | Ossuary  | Entered an ossuary
  3233 | Ossuary  | Reached skill level 4 in Long Blades
  3490 | Temple   | Entered the Ecumenical Temple
  3812 | D:5      | Found a radiant altar of Vehumet.
  3832 | D:5      | Reached XP level 8. HP: 46/60 MP: 11/11
  3921 | D:5      | Reached skill level 5 in Shields
  4509 | D:6      | Found a snail-covered altar of Cheibriados.
  4547 | D:6      | Found a shadowy altar of Dithmenos.
  4688 | D:6      | Reached skill level 5 in Long Blades
  4802 | D:6      | Reached skill level 5 in Fighting
  5135 | D:7      | Reached skill level 5 in Armour
  5212 | D:7      | Learned a level 1 spell: Corona
  5270 | D:6      | Reached XP level 9. HP: 16/69 MP: 10/12
  5434 | D:6      | Killed from afar by an orc priest

Vault maps used:
D:1:      minmay_arrival_nine_rooms
D:3:      lemuel_crystal_altar
D:5:      overflow_temple_1_default, minmay_temple_entry_statues, first_bread,
          enter_ossuary_1, portal_sewer_entry_d, eino_tiny_chamber
D:6:      nicolae_whirlpool, nicolae_dithmenos_shadow_blocks,
          cheibriados_altar_1
D:7:      grunt_temple_overflow_bloody_war, overflow_temple_1_default,
          uniq_menkaure
Temple:   oiseaux_autumnal_temple_12
Ossuary:  ossuary_tomb_2

Action                   |  1- 3 |  4- 6 |  7- 9 || total
-------------------------+-------+-------+-------++-------
Melee: Falchion          |   119 |       |       ||   119
       Long sword        |    20 |   122 |   192 ||   334
       Scimitar          |       |       |    73 ||    73
 Cast: Infusion          |     2 |     2 |     6 ||    10
  Use: Potion            |       |     1 |     1 ||     2
       Scroll            |       |       |     5 ||     5
  Eat: Chunk             |     3 |     4 |     7 ||    14
       Pizza             |       |       |     1 ||     1
